 BcadrenCrawl: Boulder Brew version 0.03.2.1-60-gf6a17aa475 (webtiles) character file.

Game seed: 17583167758790324674, levelgen mode: deterministic

24446 esc the Grappler (level 12, -3/108 HPs) Purple Draconian Demonspawn. Began on Feb 6, 2021. Was a High Priest of Bahamut & Tiamat. Killed by a guardian mummy's death curse (25 damage) ... on level 2 of the Lair of Beasts. The game lasted 00:23:14 (6901 turns).

esc the Grappler (Purple Draconian Demonspawn)      Turns: 6901, Time: 00:23:19

Health: -3/108     AC:  9    Str: 16    XL:     12 ^: 3110
Magic:  7/18       EV: 31    Int: 15    God:    Bahamut & Tiamat [5* [139]]
Gold:   520        SH:  0    Dex: 30    Spells: 12/13 levels left

rFire    + . .     Vision   .     - Unarmed
rCold    + + .     Gourm    .     - Unarmed
rNeg     . . .     Faith    .   (armour unavailable)
rPois    .         Spirit   .   (helmet restricted)
rElec    .         Reflect  .   B - scarf {rC+ rF+}
rCorr    .         Harm     .   l - +2 pair of clawed gauntlets (molten)
MR       ++...                  (no boots)
Stlth    +++++.....             (no amulet)
HPRegen  0.46/turn              r - ring of dexterity
MPRegen  0.28/turn              n - ring of evasion

@: agile, marked, hasted, very quick
A: no body armour, unfitting armour, hooves 2, thin skeletal structure 3, cold
resistance 1, powered by pain 2, cold-blooded, boosted slings aptitude, boosted
shields aptitude, hexes enhancer 1, MR++, AC +9
a: Breathe Dispelling Energy, Adaptive Breath, Summon Drakes, Renounce Religion


You were on level 2 of the Lair of Beasts.
You worshipped Bahamut & Tiamat.
Bahamut & Tiamat was extremely pleased with you.
You were not hungry.

You visited 3 branches of the dungeon, and saw 8 of its levels.
You also visited: Volcano.

You collected 520 gold pieces.

Inventory:

Armour
 l - a +2 pair of clawed gauntlets of molten steel (worn)
 B - a scarf of resistance (worn)
Jewellery
 n - a ring of evasion (right claw)
 p - an uncursed ring of intelligence
 r - a ring of dexterity (left claw)
 s - an uncursed ring of evasion
 y - an uncursed ring of resist corrosion
 z - an uncursed ring of intelligence
 D - an uncursed ring of poison resistance
 E - an uncursed ring of protection from magic
Wands
 h - a wand of acid (5)
 x - a wand of enslavement (7)
 C - a wand of iceblast (12)
 F - a wand of scattershot (7)
Scrolls
 e - 6 scrolls of teleportation
 j - 3 scrolls of amnesia
 k - a scroll of vulnerability
 m - 2 scrolls of magic mapping
 o - a scroll of fear
 t - 6 scrolls of blinking
Potions
 c - 2 potions of might
 d - 14 potions of curing
 f - 3 potions of agility
 g - a potion of magic
 i - 5 potions of heal wounds
 q - a potion of resistance
 u - a potion of cancellation
 v - a potion of berserk rage
Comestibles
 b - 26 rations


   Skills:
 + Level 10.6 Fighting
 + Level 7.9 Dodging
 - Level 1.3 Stealth
 * Level 13.2 Unarmed Combat
 - Level 1.3 Spellcasting
 - Level 1.5 Fire Magic
 + Level 9.2 Invocations


You had 12 spell levels left.
You knew the following spells:

 Your Spells              Type           Power        Failure   Level  Hunger
a - Flame Tongue          Fire           5 (30)       13%         1    ##.....

Your spell library contained the following spells:

 Spells                   Type           Power        Failure   Level  Hunger
 Blink                    Tloc           N/A          34%         2    ###....
 Call Imp                 Summ           1 (100)      34%         2    ###....
 Slow                     Hex            1 (100)      34%         2    ###....
 Conjure Flame            Fire           5 (100)      36%         3    ####...
 Mephitic Cloud           Pois/Air       1 (100)      56%         3    ####...


Dungeon Overview and Level Annotations

Branches:
Dungeon (5/8)              Temple (1/1) D:4            Lair (2/6) D:5
 Shoals (0/4) Lair:2        Snake (0/4) Lair:2      Volcano (visited)

Altars:
Ashenzari Bahamut & Tiamat
Cheibriados
Dithmenos
Elyvilon
Fedhas Madash
Gozag Ym Sagoz
Hepliaklqana
Kikubaaqudgha
Makhleb
Nemelex Xobeh
Okawaru
Qazlal
Ru
Sif Muna
Trog
Vehumet
Wu Jian
Yredelemnul
The Shining One

Shops:
D:2 [


Innate Abilities, Weirdness & Mutations

You cannot fit into any form of body armour.
Your rich purple scales are hard. (AC +9)
You can breathe bolts of dispelling energy.
You have hoof-like feet.
You have an unnaturally thin skeletal structure. (Dex +6, Stealth++)
You are cold resistant. (rC+)
You sometimes gain power by taking damage.
You are cold-blooded and may be slowed by cold attacks.
You are naturally skilled at Slings (Aptitude +3).
You are naturally skilled at Shields (Aptitude +3).
You are in touch with the powers of hexes.
Your rich purple scales protect you from hostile magic. (MR++)


Message History

Bahamut approves of your kill.
The guardian mummy zaps a wand.
The guardian mummy creates a blast of freezing vapour!
Your wyvern is engulfed in freezing vapours (6).
You claw the guardian mummy (7)! You burn the guardian mummy (7)!
You claw the guardian mummy (13)! You burn the guardian mummy (13)!
You kick the guardian mummy (2).
The guardian mummy is almost destroyed. (3/45) HP Your wind drake exhales a fierce blast of wind!
You are blown backwards!
Your wyvern is blown away by the wind.
Evoke which item? (* to show all) (? for menu, Esc to quit)
Aiming: Acid Wand
Press: ? - help, Shift-Dir - straight line, p - guardian mummy The bolt of acid hits the guardian mummy (3).
The guardian mummy is splashed with acid (1).
You destroy the guardian mummy!
Bahamut & Tiamat accept your kill.
You feel extremely nervous for a moment...
You convulse helplessly as pain tears through your body!
You die...

................................#
...............###.........†....#
...#..........##8##.=......>.†..#
...#....?#...##○§.##.........†..#
.....P.......#l.k..#............#
.......].....#.....#.....PP...###
...#.........##.).##...#.##.###
...##.........##.###...####.#
....##.........#@#......##..#
.......####...##.##...####..####
...##.##..##.##...##.##,,##.#..#
P######.†..###.....###,,,,##...##
## #8..^..'...⌠...+,,^,,,#....#
###....###.....##*,,,,##....#
#.##..##.#'...##.#*,,##.....#
#..####...##.###..####......#
#..........#+#..............#


You could see a friendly wind drake and a friendly wyvern.

Vanquished Creatures
  A boulder beetle (Lair:2)
  Urug (D:5)
  A hell knight (Volcano)
  A sun demon (Volcano)
  Joseph (D:4)
  An ugly thing (Volcano)
  3 trolls (D:5)
  3 spiny frogs
  Maggie (D:5)
  2 rime drakes (Lair:2)
  A snapping turtle (Lair:2)
  2 wolf spiders (Lair:2)
  2 komodo dragons (Lair:1)
  A spectral giraffe (Lair:2)
  A red devil (Volcano)
  Prince Ribbit (D:3)
  21 blink frogs
  2 wraiths (D:5)
  3 giraffe zombies (Lair:2)
  A boulder beetle simulacrum (Lair:2)
  2 hippogriffs (D:5)
  A wyvern (Lair:2)
  5 yaks (Lair:1)
  A hungry ghost (D:5)
  3 guardian mummies (Lair:2)
  5 nagas (Lair:2)
  2 redbacks (Lair:2)
  A slime creature (D:2)
  2 basilisks (Lair:1)
  3 wargs (D:5)
  4 phantoms
  7 water moccasins
  4 hell hounds
  A scorpion (D:5)
  A hydra simulacrum (Lair:2)
  Duvessa (D:3)
  An orc warrior (D:5)
  9 porcupines
  An ice beast (D:5)
  A spectral komodo dragon (Lair:2)
  4 black bears
  2 sky beasts (D:5)
  3 ogres
  4 wolves (Lair:2)
  8 crocodiles
  A spectral spiny frog (Lair:2)
  7 big kobolds
  15 bullfrogs
  Dowan (D:3)
  A spiny frog zombie (Lair:2)
  A centaur (D:5)
  A spiny frog skeleton (Lair:2)
  A komodo dragon simulacrum (Lair:2)
  3 howler monkeys (D:5)
  5 killer bees (D:5)
  A quasit (D:4)
  A spiny frog simulacrum (Lair:2)
  A basilisk zombie (Lair:2)
  A blink frog zombie (Lair:2)
  A polar bear simulacrum (Lair:2)
  3 electric eels (Lair:2)
  A basilisk skeleton (Lair:2)
  A blink frog skeleton (Lair:2)
  7 jellies
  A spectral crocodile (Lair:2)
  A spectral water moccasin (Lair:2)
  4 orc priests
  4 hounds
  8 orc wizards
  3 iguanas
  4 worker ants (D:3)
  2 crocodile skeletons (Lair:2)
  A water moccasin skeleton (Lair:2)
  3 wyvern skeletons
  A crocodile simulacrum (Lair:2)
  A water moccasin simulacrum (Lair:2)
  2 spectral bullfrogs (Lair:2)
  A wyvern simulacrum (D:5)
  6 giant cockroaches
  4 bullfrog zombies
  2 porcupine zombies (Lair:2)
  5 bullfrog skeletons
  A porcupine skeleton (Lair:2)
  7 adders
  A bullfrog simulacrum (D:5)
  A porcupine simulacrum (Lair:2)
  22 sewer rats (D:2)
  A white imp (D:4)
  4 worms (D:2)
  12 cinder newts
  A hound zombie (D:5)
  A howler monkey skeleton (D:5)
  4 oozes
  2 hound skeletons (D:5)
  A dart slug (D:1)
  5 leopard geckos
  26 orcs
  A spectral adder (D:5)
  An adder skeleton (D:5)
  7 bats
  4 goblins (D:1)
  7 hobgoblins (D:1)
  11 jackals
  31 kobolds
  6 quokkas
  3 ball pythons
  2 ball python skeletons (D:2)
  A bat skeleton (D:2)
  A leopard gecko skeleton (D:5)
  An orc skeleton (D:2)
  5 rats (D:1)
  A butterfly (D:4)
  A plant (Lair:2)
  3 withered plants (D:2)
407 creatures vanquished.

Vanquished Creatures (collateral kills)
  A spectral blink frog (Lair:2)
1 creature vanquished.

Vanquished Creatures (others)
  2 plants
  128 withered plants (D:2)
130 creatures vanquished.

Grand Total: 538 creatures vanquished

Notes
Turn   | Place    | Note
-------+----------+-------------------------------------------
     0 | D:1      | esc the Immature Draconian Demonspawn began the quest for
                  | the Orb.
     0 | D:1      | Reached XP level 1. HP: 16/16 MP: 3/3
    10 | D:1      | Reached skill level 2 in Unarmed Combat
   112 | D:1      | Gained mutation: You have large cloven feet. [demonic
                  | ancestry]
   112 | D:1      | Reached XP level 2. HP: 16/23 MP: 4/4
   255 | D:1      | Reached skill level 3 in Unarmed Combat
   255 | D:1      | Gained mutation: You have a somewhat thin skeletal
                  | structure. (Dex +2, Stealth) [demonic ancestry]
   255 | D:1      | Reached XP level 3. HP: 28/28 MP: 5/5
   731 | D:2      | Noticed a bullfrog
   737 | D:2      | Killed a bullfrog
   737 | D:2      | Reached skill level 4 in Unarmed Combat
   737 | D:2      | Gained mutation: You have a moderately thin skeletal
                  | structure. (Dex +4, Stealth+) [demonic ancestry]
   737 | D:2      | Reached XP level 4. HP: 35/35 MP: 6/6
   768 | D:2      | Reached XP level 5. HP: 37/40 MP: 7/7
   819 | D:2      | Reached skill level 5 in Unarmed Combat
   879 | D:2      | Gained mutation: You have hoof-like feet. [demonic
                  | ancestry]
   879 | D:2      | Reached XP level 6. HP: 43/47 MP: 8/8
   915 | D:2      | Noticed a slime creature
   923 | D:2      | Killed a slime creature
   923 | D:2      | Reached skill level 6 in Unarmed Combat
   926 | D:2      | Found a white marble altar of Elyvilon.
   960 | D:2      | Your scales start taking on a rich purple colour.
   960 | D:2      | Reached XP level 7. HP: 40/52 MP: 9/9
   960 | D:2      | Gained mutation: You sometimes gain a little power by
                  | taking damage. [demonic ancestry]
   960 | D:2      | Gained mutation: Your rich purple scales protect you from
                  | hostile magic. (MR++) [Purple Draconian growth]
   960 | D:2      | Gained mutation: You are in touch with the powers of hexes.
                  | [Purple Draconian growth]
  1073 | D:2      | Reached skill level 7 in Unarmed Combat
  1665 | D:2      | Reached skill level 8 in Unarmed Combat
  1665 | D:2      | Gained mutation: You sometimes gain power by taking damage.
                  | [demonic ancestry]
  1665 | D:2      | Reached XP level 8. HP: 59/59 MP: 10/10
  1890 | D:2      | Found an ancient bone altar of Kikubaaqudgha.
  1890 | D:2      | Found a bloodstained altar of Trog.
  1891 | D:2      | Found a sparkling altar of Nemelex Xobeh.
  2273 | D:2      | Found Fuabrir's Antique Armour Emporium.
  2500 | D:3      | Noticed Dowan
  2501 | D:3      | Noticed Duvessa
  2506 | D:3      | Noticed Prince Ribbit
  2509 | D:3      | Killed Duvessa
  2527 | D:3      | Killed Prince Ribbit
  2540 | D:3      | Reached skill level 9 in Unarmed Combat
  2599 | D:3      | Killed Dowan
  2668 | D:3      | Reached XP level 9. HP: 71/71 MP: 11/11
  3200 | D:4      | Found a staircase to the Ecumenical Temple.
  3209 | Temple   | Entered the Ecumenical Temple
  3479 | Temple   | Became a worshipper of Bahamut & Tiamat
  3550 | D:4      | Noticed Joseph
  3560 | D:4      | Killed Joseph
  3560 | D:4      | Reached skill level 5 in Fighting
  3752 | D:4      | Found a stormy altar of Qazlal.
  3899 | D:4      | Reached * piety under Bahamut & Tiamat
  3968 | D:5      | Entered Level 5 of the Dungeon
  3998 | D:5      | Reached skill level 5 in Dodging
  3999 | D:5      | Reached skill level 10 in Unarmed Combat
  4006 | D:5      | Gained mutation: You are naturally skilled at Slings
                  | (Aptitude +3). [draconic bloodline]
  4006 | D:5      | Reached XP level 10. HP: 84/84 MP: 12/12
  4021 | D:5      | Reached ** piety under Bahamut & Tiamat
  4191 | D:5      | Found a runed translucent gate.
  4191 | D:5      | Found a runed translucent gate.
  4243 | D:5      | Found a runed translucent gate.
  4363 | D:5      | Found a shadowy altar of Dithmenos.
  4370 | D:5      | Found a burning altar of Makhleb.
  4373 | D:5      | Found a basalt altar of Yredelemnul.
  4452 | D:5      | Found a shimmering blue altar of Sif Muna.
  4484 | D:5      | Reached *** piety under Bahamut & Tiamat
  4488 | D:5      | Noticed Maggie
  4496 | D:5      | Reached skill level 11 in Unarmed Combat
  4510 | D:5      | Killed Maggie
  4569 | D:5      | Noticed Urug
  4579 | D:5      | Killed Urug
  4579 | D:5      | Gained mutation: You are cold resistant. (rC+) [demonic
                  | ancestry]
  4579 | D:5      | Reached XP level 11. HP: 74/94 MP: 13/13
  4620 | D:5      | Found a staircase to the Lair.
  4901 | Lair:1   | Entered Level 1 of the Lair of Beasts
  4902 | Lair:1   | Reached **** piety under Bahamut & Tiamat
  5086 | Lair:1   | Reached skill level 5 in Invocations
  5101 | Lair:1   | Reached skill level 12 in Unarmed Combat
  5107 | Lair:1   | Reached ***** piety under Bahamut & Tiamat
  5418 | Lair:1   | Gained mutation: You are naturally skilled at Shields
                  | (Aptitude +3). [draconic bloodline]
  5418 | Lair:1   | Gained mutation: You have an unnaturally thin skeletal
                  | structure. (Dex +6, Stealth++) [demonic ancestry]
  5418 | Lair:1   | Reached XP level 12. HP: 105/105 MP: 15/17
  5588 | Lair:2   | Found a dark tunnel.
  5598 | Volcano  | Entered a volcano
  5842 | Lair:2   | Reached skill level 10 in Fighting
  5924 | Lair:2   | Found a staircase to the Snake Pit.
  6010 | Lair:2   | Noticed a boulder beetle
  6019 | Lair:2   | Killed a boulder beetle
  6141 | Lair:2   | Found a staircase to the Shoals.
  6635 | Lair:2   | Reached skill level 13 in Unarmed Combat
  6901 | Lair:2   | Killed by a guardian mummy's death curse

Levels and vault maps discovered:
D:1:      mushboom_english_gardens, layout_basic, minmay_heptomino_d4
D:2:      layout_sewer, gammafunk_temple_overflow_claw, elyvilon_niche,
          serial_shops, shop
D:3:      layout_rooms, first_ration, uniq_duvessa, uniq_prince_ribbit1
D:4:      layout_cave_pools, kennysheep_little_box, temple_statues,
          bcadren_nooodl_food_pyramid, uniq_joseph
D:5:      miniossuary_kennysheep_ghosthouse, layout_rooms,
          grunt_temple_overflow_diamond, erik_lair_orcish_takeover, basic_altar,
          uniq_urug, uniq_maggie
Temple:   minmay_temple_forest_path
Lair:1:   layout_misc_corridors
Lair:2:   layout_gridlike, minmay_shoals_entry_hut,
          minmay_snake_entry_guardpost_large, enter_volcano_3,
          ossuary_minmay_four_chambers

Skill      XL: |  1  2  3  4  5  6  7  8  9 10 11 12 |
---------------+-------------------------------------+-----
Unarmed Combat | 2 3 4 5 6 8 9 10 11 12 13 | 13.2
Fighting       | 4 6 8 9 10 | 10.6
Dodging        | 3 5 6 7 |  7.9
Invocations    | 6 9 |  9.2
Stealth        | |  1.3
Spellcasting   | |  1.3
Fire Magic     | |  1.5

Action                   |  1- 3 |  4- 6 |  7- 9 | 10-12 || total
-------------------------+-------+-------+-------+-------++-------
Melee: Unarmed           |    65 |    92 |   358 |   557 ||  1072
       Kick              |     5 |    14 |    53 |   103 ||   175
       Tailslap          |     2 |    12 |    24 |    47 ||    85
Invok: Choose Tiamat's R |       |       |     1 |       ||     1
       Choose Tiamat's A |       |       |       |     1 ||     1
       Choose Tiamat's S |       |       |       |     1 ||     1
       Summon Drakes     |       |       |       |     2 ||     2
Evoke: Wand              |       |       |     1 |     2 ||     3
  Use: Scroll            |       |       |       |     4 ||     4
 Stab: Sleeping          |     6 |       |    12 |     9 ||    27
       Distracted        |       |       |       |     2 ||     2
  Eat: Chunk             |       |       |    11 |     8 ||    19
       Ration            |       |       |       |     1 ||     1
Armor: Skin              |     3 |     2 |    21 |    40 ||    66
Dodge: Dodged            |    10 |    12 |   100 |   194 ||   316
